 Dungeon Crawl Stone Soup version 0.19.5 (webtiles) character file.

273 Jerry the Shield-Bearer (level 6, 49/49 HPs)
             Began as a Formicid Fighter on Mar 23, 2017.
             Quit the game on level 2 of the Dungeon.
             The game lasted 00:04:27 (1740 turns).

Jerry the Shield-Bearer (Formicid Fighter)          Turns: 1740, Time: 00:04:28

Health: 49/49      AC:  7    Str: 21    XL:     6   Next: 48%
Magic:  6/6        EV:  9    Int:  7    God:
Gold:   109        SH:  0    Dex: 12    Spells: 0 memorised, 5 levels left

rFire  . . .     SeeInvis +     a - +0 war axe
rCold  . . .     Gourm    .     b - +0 scale mail
rNeg   . . .     Faith    .     (no shield)
rPois  .         Spirit   .     (helmet unavailable)
rElec  .         Reflect  .     (no cloak)
rCorr  .         Harm     .     (no gloves)
MR     .....                    (no boots)
Stlth  ..........               (no amulet)
                                (no ring)
                                (no ring)

@: drained
A: permanent stasis, dig shafts and tunnels, four strong arms, antennae 3
a: Dig, Shaft Self


You were on level 2 of the Dungeon.
You were not hungry.

You visited 1 branch of the dungeon, and saw 2 of its levels.

You collected 109 gold pieces.

Inventory:

Hand Weapons
 a - a +0 war axe (weapon)
Armour
 b - a +0 scale mail (worn)
 c - a +0 shield
Scrolls
 e - 3 scrolls of remove curse {unknown}
 g - 4 scrolls of identify {unknown}
 i - a scroll of noise {unknown}
 j - a scroll of random uselessness {unknown}
 k - a scroll of recharging {unknown}
 l - a scroll of blinking {unknown}
 m - a scroll of amnesia {unknown}
 n - a scroll of magic mapping {unknown}
Potions
 d - a potion of resistance
 h - a potion of degeneration {unknown}
 o - a potion of curing {unknown}
Comestibles
 f - 2 bread rations
 p - 3 chunks of flesh


   Skills:
 + Level 4.3(3.8) Fighting
 * Level 4.2(3.8) Axes
 + Level 4.4(3.9) Armour
 + Level 4.9(4.4) Shields


You had 5 spell levels left.
You didn't know any spells.

Dungeon Overview and Level Annotations

Branches:
Dungeon (2/15)

Altars:


Innate Abilities, Weirdness & Mutations

You are under a permanent stasis effect.
You can dig through walls and to a lower floor.
Your four strong arms can wield two-handed weapons with a shield.
You have a pair of large antennae on your head. (SInv)


Message History

You slash the gnoll!
You kill the gnoll!
You start resting.
You are feeling hungry.
i - a scroll labeled ENTAYD ARGHEU
Items here: ))) †† a spear; a halberd of distortion; a whip; a gnoll corpse; a hobgoblin corpse Butcher a hobgoblin corpse? [(y)es/(c)hoosy/(n)o/(a)ll/(e)dible/(q)uit/?]
Butcher a gnoll corpse? [(y)es/(c)hoosy/(n)o/(a)ll/(e)dible/(q)uit/?]
You butcher the hobgoblin corpse.
You butcher the gnoll corpse.
p - 3 chunks of flesh;
p - 7 chunks of flesh (gained 4)
Things that are here:
a spear; a halberd of distortion; a whip You start resting.
Eating one of 7 chunks of flesh.
You start eating one of the 7 chunks of flesh.
This raw flesh tastes terrible.
Some of the chunks of flesh in your inventory have rotted away.
HP restored.
Are you sure you want to abandon this character and quit the game? (Confirm with "yes".)

#.#.# ######
#..........# #.#.#
#....# ##.###.###.#
#.#.###.[..# #..##.#
#.# #..........#
##.##.# #.#
#####.##.....########
#.##.# #.#
......##()...'......#
#..#.# #.#
########))...######.#
##.#.# #.# ....#
#.....# ####.# #...#
#.# ###.# #.....#
#@#..# ##..# #.# #.#
#.....# ##)#.# #..#
#.. #.# #.#'### ###.#
#..##### ###'####.#.#
#.# #.>..)..
#.....##.#.# #g#
######## #.....##.#.#
#.# #.....##...#
####'### #.....######
#......# #.....#
#...)..#


There were no monsters in sight!

Vanquished Creatures
  Sigmund (D:2)
  Robin (D:2)
  3 gnolls (D:2)
  An adder (D:2)
  2 oozes (D:2)
  A worm (D:2)
  A leopard gecko (D:1)
  2 bats (D:2)
  3 giant cockroaches (D:2)
  9 goblins
  9 hobgoblins
  2 jackals (D:2)
  9 kobolds
  3 frilled lizards (D:1)
  5 rats
52 creatures vanquished.

Notes
Turn   | Place    | Note
-------+----------+-------------------------------------------
     0 | D:1      | Jerry the Formicid Fighter began the quest for the Orb.
     0 | D:1      | Reached XP level 1. HP: 18/18 MP: 1/1
   301 | D:1      | Reached XP level 2. HP: 24/24 MP: 2/2
   705 | D:2      | Reached XP level 3. HP: 25/29 MP: 3/3
   830 | D:2      | Noticed Sigmund
   844 | D:2      | Killed Sigmund
   844 | D:2      | Reached XP level 4. HP: 35/37 MP: 4/4
   844 | D:2      | Reached XP level 5. HP: 39/42 MP: 5/5
   844 | D:2      | Reached XP level 6. HP: 45/48 MP: 6/6
   868 | D:2      | Noticed Robin
   876 | D:2      | Killed Robin
  1740 | D:2      | Quit the game

Skill      XL: |  1  2  3  4  5  6 |
---------------+-------------------+-----
Fighting       | 4 |  4.3
Axes           | 3 4 |  4.2
Armour         | 4 |  4.4
Shields        | 4 |  4.9

Action                   |  1- 3 |  4- 6 || total
-------------------------+-------+-------++-------
Melee: War axe           |    74 |    93 ||   167
 Abil: Dig               |       |     1 ||     1
  Use: Potion            |     1 |       ||     1
  Eat: Chunk             |       |     3 ||     3
Armor: Scale mail        |    44 |    36 ||    80
Dodge: Dodged            |    35 |    56 ||    91
